← All builds
Suicide front / Armada / Factory first / OBSERVED BUILD

Standard suicide front

Armada Suicide front build order · Supreme Isthmus

The role's standard play: bot lab first, Rocketeer/Centurion/Pawn based force pushes into the middle to contest and hold it until T2 arrives.

Usually lab first (63%)

#rush #push · 1309 distinct matches · 127 players · 71% of Armada Suicide front games · team won 59% of 1550 · Recently observed

HOW TO PLAY IT

Key timing: Bot Lab by 0:20

  1. Open with mex and wind, drop Bot Lab immediately.
  2. Push out first "Centurion" as Pond's boost lands.
  3. Send "Rocketeer", "Centurion", "Pawn" mix to contest middle.
  4. Add Dragon's Teeth and Sentries to hold the line.
  5. Get Advanced Metal Extractor up as T2 nears.

Phase by phase

TYPICAL OF ITS 1309 GAMES
  1. 1
  2. 2
  3. 3
PLAY THE OPENING

Follow the example game's first 6:00 step by step: what to build now, what comes next, and where it goes. At 1× it keeps pace with your own game.

  1. 1

    Bot Lab first

    Order
    1. Bot LabBot Lab done ~0:20, middle half 0:20–0:33

    Some games also: mex (37%)

  2. 2

    Bot Lab to 5:00

    Economy
    • Metal Extractor5Mex
    • Wind Turbine4Wind
    Builders
    • Construction Bot3 Con bot
    • Lazarus2 Lazarus
    Army
    • Sentry4 Sentry
    • Rocketeer17 Rocketeer
    • Tick2 Tick
    • Centurion1 Centurion
    Other
    • Radar Tower1 Radar Tower

    Some games also: con turret (35%) · pawn (33%)

    By 5:00 in all: 5 mex · 4 wind

    The example game in this phase · 34 steps
    1. Wind
    2. LazarusLazarus
    3. CenturionCenturion
    4. Wind
    5. LazarusLazarus
    6. Wind
    7. CenturionCenturion
    8. Wind
    9. LazarusLazarus
    10. CenturionCenturion
    11. Wind
    12. LazarusLazarus
    13. Wind
    14. Construction BotCon bot
    15. RocketeerRocketeer ×2
    16. Con turret
    17. RocketeerRocketeer
    18. Radar TowerRadar Tower
    19. RocketeerRocketeer ×2
    20. Mex
    21. Construction BotCon bot
    22. LazarusLazarus
    23. BeamerBeamer
    24. CenturionCenturion
    25. LazarusLazarus
    26. BeamerBeamer
    27. Construction BotCon bot
    28. RocketeerRocketeer ×3
    29. BeamerBeamer
    30. RocketeerRocketeer
    31. BeamerBeamer
    32. RocketeerRocketeer
    33. Construction BotCon bot
    34. MaceMace
  3. 3

    5:00 to 10:00

    Economy
    • Metal Extractor1Mex
    • Wind Turbine17Wind
    Builders
    • Construction Turret2 Con turret
    • Lazarus2 Lazarus
    • Construction Bot1 Con bot
    Army
    • Sentry1 Sentry
    • Rocketeer8 Rocketeer
    • Pawn1 Pawn

    Some games also: tick (47%) · Radar Tower (46%) · energy storage (46%) · centurion (45%) · Beamer (39%)

    By 10:00 in all: 6 mex · 23 wind · 1 energy storage · 3 con turret

    The example game in this phase · 101 steps
    1. MaceMace ×3
    2. OverwatchOverwatch
    3. MaceMace
    4. RocketeerRocketeer ×6
    5. MaceMace ×2
    6. Sneaky PeteSneaky Pete
    7. Radar TowerRadar Tower
    8. MaceMace
    9. Wind
    10. MaceMace
    11. Wind
    12. MaceMace
    13. Wind
    14. MaceMace
    15. Wind
    16. GauntletGauntletdone 8:13
    17. Wind ×4
    18. Con turret
    19. Dragon's TeethDragon's Teeth ×3
    20. Wind
    21. Dragon's TeethDragon's Teeth ×4
    22. Wind
    23. Dragon's ClawDragon's Claw
    24. Dragon's TeethDragon's Teeth
    25. LazarusLazarus
    26. MaceMace
    27. Dragon's TeethDragon's Teeth
    28. Wind
    29. MaceMace
    30. Wind
    31. MaceMace
    32. Wind
    33. MaceMace
    34. Wind
    35. Energy storage
    36. MaceMace
    37. Wind
    38. MaceMace
    39. Sneaky PeteSneaky Pete
    40. Construction BotCon bot
    41. Wind
    42. Construction BotCon bot
    43. Wind
    44. Construction BotCon bot
    45. Advanced Metal ExtractorT2 mexdone 10:28
    46. Wind
    47. MaceMace
    48. Energy storage
    49. LazarusLazarus
    50. Wind ×2
    51. LazarusLazarus
    52. Wind ×4
    53. PawnPawn
    54. Advanced Metal ExtractorT2 mex
    55. Wind
    56. PawnPawn
    57. Wind ×4
    58. PawnPawn
    59. Wind
    60. PawnPawn
    61. Wind
    62. PawnPawn
    63. SentrySentry
    64. Wind
    65. PawnPawn
    66. SentrySentry
    67. PawnPawn
    68. Wind
    69. PawnPawn
    70. SentrySentry
    71. Wind
    72. PawnPawn
    73. Radar TowerRadar Tower
    74. Advanced Metal ExtractorT2 mex
    75. LazarusLazarus
    76. Wind
    77. LazarusLazarus
    78. Wind
    79. LazarusLazarus
    80. Con turret
    81. PawnPawn
    82. Wind
    83. TickTick ×3
    84. Wind
    85. TickTick
    86. BeamerBeamer
    87. TickTick
    88. Wind
    89. TickTick ×3
    90. Wind
    91. TickTick
    92. Sneaky PeteSneaky Pete
    93. PersecutorPersecutornot finished by 15:00
    94. TickTick
    95. Con turret
    96. Wind ×2
    97. SentrySentry
    98. Metal storage
    99. Dragon's TeethDragon's Teeth ×2
    100. BeamerBeamer
    101. Dragon's TeethDragon's Teeth ×2

Counts are medians over the build's games: half of them build more, half fewer. The example game is [UNN]Prime's (38 OS, 20/08/2026); pick another.

Team trades

IN AT LEAST 30% OF ITS GAMES

You hand over

Nothing regular.

You get

  • Tidal Generator4 Tidal from Pondfirst at 0:10 · in 69% of games
  • Advanced Construction Bot1 T2 con bot from Geo or Techfirst at 7:30 · in 59% of games

How it plays out

Typical game of this build, running totals by minute

Metal produced

010k20k30k
0:005:0010:0015:00

metal

Enemy metal destroyed

05k10k
0:005:0010:0015:00

metal

Own metal lost

05k10k
0:005:0010:0015:00

metal

1550 games.

Show as table
ByMetal produced: This buildEnemy metal destroyed: This buildOwn metal lost: This build
1:0022600
2:0088900
3:002051180106
4:003161660496
5:00424314171026
6:00543423001787
7:00667231752706
8:00792440303613
9:00931647974495
10:001069854325318
11:001225359116059
12:001410665186829
13:001622670297536
14:001809577098373
15:002043283489240
WHAT THE NUMBERS SAY

Standard suicide front play wins slightly more than half its games with fast kills but also fast losses, matching the raw grind of the role.

  • + First kill lands by 2:04 in all games
  • + Metal produced reaches 19882 by 15:00
  • − Own metal lost hits 9208 by 15:00, near metal destroyed of 8172
  • − First unit lost as early as 2:08 in every game
THE EXAMPLE YOU ARE READING

[UNN]Prime

37.8 OS · 20/08/2026

Open source match ↗

20 received units · includes a constructor
99 metal received · 67045 energy received

Allied construction assistance is unknown. Timings are observations, not a promise of solo reproducibility.

Typical milestones

Bot Lab0:20Middle 50%: 0:20–0:33 · n=1543
Advanced Metal Extractor9:36Middle 50%: 8:42–10:48 · n=1143

Played most by

_X_253games of this buildPlatinumBlonde181games of this buildXad127games of this buildImmort74games of this buildwatermeloans60games of this build